 Dungeon Crawl Stone Soup version 0.31-a0-234-gad7ace16ef (webtiles) character file.

Game seed: 6560616798366814851

5841 qw the Skirmisher (level 10, -15/91 HPs)
             Began as a Minotaur Hexslinger on July 9, 2023.
             Was a Believer of Okawaru.
             Demolished by an angel
             ... wielding a +2 whip of holy wrath
              (26 damage)
             ... on level 2 of the Abyss.
             The game lasted 00:02:49 (7193 turns).

qw the Skirmisher (Minotaur Hexslinger)             Turns: 7193, Time: 00:02:50

Health: -15/91     AC:  9    Str: 14    XL:     10   Next: 51%
Magic:  10/12      EV: 15    Int: 10    God:    Okawaru [**....]
Gold:   444        SH:  0    Dex: 16    Spells: 10/11 levels left

rFire   . . .        f - +0 orcbow (heavy)
rCold   . . .        (shield currently unavailable)
rNeg    . . .        c - +0 ring mail
rPois   .            (helmet restricted)
rElec   .            g - +0 cloak
rCorr   +            e - +0 pair of gloves
SInv    .            (no boots)
Will    .....        (no amulet)
Stlth   +            h - ring of resist corrosion
HPRegen 0.35/turn    (no ring)
MPRegen 0.13/turn

%: no passive effects
@: heroic, glowing
A: horns 2, retaliatory headbutt
a: Renounce Religion, Heroism


You were on level 2 of the Abyss.
You worshipped Okawaru.
Okawaru was pleased with you.
You visited 2 branches of the dungeon, and saw 10 of its levels.
You visited the Abyss 1 time.

You collected 444 gold pieces.


Innate Abilities, Weirdness & Mutations

You have a pair of horns on your head.
You reflexively headbutt those who attack you in melee.


   Skills:
 - Level 9.1(14.1) Fighting
 - Level 13.6(18.6) Ranged Weapons
 - Level 4.1(9.1) Armour
 + Level 4.0(9.0) Dodging
 - Level 1.0 Spellcasting
 - Level 2.0 Hexes
 - Level 4.0 Invocations


You had 10 spell levels left.
You knew the following spells:

 Your Spells              Type           Power      Damage    Failure   Level
a - Slow                  Hex            16%        N/A       26%         1

Your spell library contained the following spells:

 Spells                   Type           Power      Damage    Failure   Level
 Inner Flame              Hex/Fire       2%         N/A       77%         3
 Portal Projectile        Hex/Tloc       4%         N/A       77%         3
 Cause Fear               Hex            2%         N/A       95%         4

Inventory:

Hand Weapons
 f - a +0 heavy orcbow (weapon)
Armour
 c - a +0 ring mail (worn)
 e - a +0 pair of gloves (worn)
 g - a +0 cloak (worn)
Jewellery
 h - a ring of resist corrosion (left hand)
Wands
 n - a wand of digging (5)
Scrolls
 a - a scroll of identify
 k - a scroll of acquirement {unknown}
Potions
 b - a potion of cancellation
 d - a potion of mutation
 i - 3 potions of haste
 j - a potion of curing
 l - a potion of might

Dungeon Overview and Level Annotations

Branches:
Dungeon (9/15)             Temple (1/1) D:7
   Lair: D:8-11         Orc: D:9-12

Altars:
Ashenzari
Cheibriados
Dithmenos
Fedhas
Gozag
Hepliaklqana
Kikubaaqudgha
Makhleb
Nemelex Xobeh
Okawaru
Qazlal
Ru
Sif Muna
Trog
Uskayaw
Vehumet
Wu Jian
Xom
Yredelemnul

Shops:
D:4 [   D:5 (   D:8 (

Annotations:
D:9 Erolcha


Message History

Magic restored.
You start resting.
An ice devil comes into view.
You shoot an arrow. The arrow hits the ice devil!
The ice devil is moderately wounded.
You shoot an arrow.
The arrow hits the ice devil but does no damage.
The ice devil is moderately wounded.
You shoot an arrow. The arrow hits the ice devil!!
The ice devil is almost dead.
You shoot an arrow. The arrow barely misses the ice devil.
You feel like a meek peon again.
7178 ||| INVOKING Heroism.
You gain the combat prowess of a mighty hero.
You shoot an arrow. The arrow hits the ice devil!!
You kill the ice devil!
Okawaru accepts your kill.
Your base Fighting skill increases to level 9!
You start resting.
An angel comes into view. It is wielding a +2 whip of holy wrath.
You shoot an arrow. The angel shouts!
The arrow hits the angel!
The angel is lightly wounded.
You feel like a meek peon again.
You hear a roar!
7189 ||| INVOKING Heroism.
You gain the combat prowess of a mighty hero.
You shoot an arrow. The arrow closely misses the angel.
You shoot an arrow. The arrow closely misses the angel.
The angel hits you but does no damage.
The angel hits you with a +2 whip of holy wrath.
You shoot an arrow. The arrow hits the angel!
The angel is lightly wounded.
The angel hits you with a +2 whip of holy wrath!
The angel misses you.
You shoot an arrow. The arrow hits the angel!!
The angel is moderately wounded.
The angel hits you with a +2 whip of holy wrath!!
You die...

# ## #.
.. .##
.## ..
.. .#.#
#..#
#@.#
##A...#
....#
....#
....#
......
#....##
...#.


You could see an angel.

Vanquished Creatures
  A tentacled starspawn (Abyss:2)
  An unseen horror zombie (D:8)
  An ice devil (Abyss:2)
  A large abomination (Abyss:2)
  Grinder (D:4)
  3 yaks (D:8)
  2 steam dragons
  4 water moccasins
  2 black bears (D:6)
  2 orc warriors
  3 sky beasts
  3 centaurs
  2 phantoms
  3 bullfrogs
  A wyvern zombie (D:8)
  A gnoll sergeant (D:7)
  5 wights
  8 killer bees
  3 howler monkeys (D:8)
  A centaur zombie (D:8)
  5 hounds
  2 sleepcaps
  2 orc priests
  2 iguanas
  Terence (D:3)
  4 orc wizards
  A howler monkey zombie (D:8)
  5 adders
  9 gnolls
  A shadow imp (D:6)
  A white imp (D:7)
  An ufetubus (D:6)
  A dart slug (D:1)
  14 orcs
  11 endoplasms
  2 giant cockroaches (D:3)
  13 goblins
  6 hobgoblins
  4 jackals (D:5)
  9 kobolds
  3 quokkas
  9 ball pythons
  A bat (D:1)
  2 frilled lizards
  6 rats
163 creatures vanquished.

Vanquished Creatures (others)
  6 starspawn tentacles (Abyss:2)
6 creatures vanquished.

Grand Total: 169 creatures vanquished

Notes
Turn   | Place    | Note
-------+----------+-------------------------------------------
     0 | D:1      | qw the Minotaur Hexslinger began the quest for the Orb.
     0 | D:1      | Reached XP level 1. HP: 16/16 MP: 1/1
     0 | D:1      | 0 ||| qw: Version: 0.3-a-51-g015441d
     0 | D:1      | 0 ||| qw: Game counter: 4247
     0 | D:1      | 0 ||| qw: Melee chars always use a shield: true
     0 | D:1      | 0 ||| qw: God list: Okawaru
     0 | D:1      | 0 ||| qw: Allow faded altars: false
     0 | D:1      | 0 ||| qw: Do Orc after clearing Dungeon:15 true
     0 | D:1      | 0 ||| qw: Do second Lair branch before Depths: true
     0 | D:1      | 0 ||| qw: Lair rune preference: random
     0 | D:1      | 0 ||| qw: Goals: Normal
     0 | D:1      | 0 ||| PLANNING D:1-11
   232 | D:1      | Reached skill level 3 in Ranged Weapons
   245 | D:1      | Reached XP level 2. HP: 23/23 MP: 2/2
   594 | D:1      | Reached XP level 3. HP: 29/29 MP: 3/3
   658 | D:1      | 658 ||| UPGRADING to +0 pair of gloves.
   663 | D:1      | 663 ||| DROPPING ring of flight.
   664 | D:1      | 664 ||| READING 2 scrolls labelled NANEP QEAD.
   665 | D:1      | 665 ||| READING scroll labelled BISIGE DIRAE.
   666 | D:1      | 666 ||| DROPPING scroll of poison.
   945 | D:2      | Reached skill level 4 in Ranged Weapons
  1381 | D:2      | 1381 ||| UPGRADING to +0 leather armour.
  1391 | D:2      | 1391 ||| DROPPING +0 robe.
  1392 | D:2      | 1392 ||| READING scroll labelled ITISURE COENT.
  1393 | D:2      | 1393 ||| READING 4 scrolls labelled ABBENI CEFEBBEA.
  1394 | D:2      | 1394 ||| READING scroll labelled HINWEKKENNI.
  1395 | D:2      | 1395 ||| READING scroll labelled WYAFRUMEIT.
  1447 | D:2      | 1447 ||| DRINKING 2 amethyst potions.
  1448 | D:2      | 1448 ||| DRINKING 2 blue potions.
  1449 | D:2      | 1449 ||| DROPPING 3 scrolls of fear.
  1450 | D:2      | 1450 ||| DROPPING potion of degeneration.
  1451 | D:2      | 1451 ||| DROPPING potion of attraction.
  1482 | D:3      | 1482 ||| STAIRDANCE
  1505 | D:3      | 1505 ||| STAIRDANCE
  1511 | D:2      | Reached XP level 4. HP: 30/36 MP: 4/4
  1609 | D:3      | Noticed Terence
  1621 | D:3      | HP: 7/36 [Terence/+0 short sword (4)]
  1622 | D:3      | Killed Terence
  1623 | D:3      | Reached skill level 5 in Ranged Weapons
  1872 | D:3      | Found a snail-covered altar of Cheibriados.
  1893 | D:3      | HP: 8/37 [frozen (3)]
  1894 | D:3      | Reached skill level 3 in Fighting
  1894 | D:3      | Reached XP level 5. HP: 10/45 MP: 5/5
  2112 | D:3      | Found a bloodstained altar of Trog.
  2249 | D:3      | Found an ancient bone altar of Kikubaaqudgha.
  2249 | D:3      | Found a hazy altar of Hepliaklqana.
  2420 | D:3      | 2420 ||| UPGRADING to +0 ring mail.
  2430 | D:3      | 2430 ||| DROPPING +0 leather armour.
  2431 | D:3      | 2431 ||| UPGRADING to +0 cloak.
  2436 | D:3      | 2436 ||| READING 2 scrolls labelled AMUOSA ENOUNO.
  2440 | D:3      | 2440 ||| READING 2 scrolls of identify.
  2440 | D:3      | 2440 ||| IDENTIFYING purple potion
  2543 | D:4      | Identified the +5 sling "Afurrias" {drain, Will++ Int+2}
  2545 | D:4      | 2545 ||| SWAPPING to +5 sling "Afurrias" {drain, Will++
                  | Int+2}.
  2546 | D:4      | 2546 ||| DROPPING +1 sling.
  2564 | D:4      | Found Murutosi's Armour Shoppe.
  2564 | D:4      | Noticed an animated gold dragon scales
  2564 | D:4      | Noticed an animated plate armour
  2573 | D:4      | 2573 ||| SHOPLISTING +0 ring mail of a treasure trove
                  | {Str+3 Int+3} (236 gold, have 158).
  2590 | D:4      | Reached skill level 1 in Armour
  2683 | D:4      | Noticed a sky beast
  2694 | D:4      | Killed a sky beast
  2695 | D:4      | Reached skill level 6 in Ranged Weapons
  2695 | D:4      | Reached XP level 6. HP: 38/51 MP: 6/6
  2847 | D:4      | Noticed Grinder
  2861 | D:4      | Killed Grinder
  2975 | D:4      | Found a shimmering blue altar of Sif Muna.
  3047 | D:4      | 3047 ||| DROPPING scarf of harm.
  3048 | D:4      | 3048 ||| READING scroll labelled ZEGGYU CYJAN.
  3049 | D:4      | 3049 ||| READING scroll labelled XOIRRAFAJUA.
  3050 | D:4      | 3050 ||| DRINKING 3 viscous pink potions.
  3057 | D:5      | Entered Level 5 of the Dungeon
  3057 | D:5      | Found a shimmering altar of Xom.
  3066 | D:5      | Found a shadowy altar of Dithmenos.
  3100 | D:5      | Reached XP level 7. HP: 61/61 MP: 7/7
  3218 | D:5      | Reached skill level 7 in Ranged Weapons
  3280 | D:5      | Found Ydalipo's Weapon Shop.
  3291 | D:5      | 3291 ||| SHOPLISTING +4 heavy orcbow (283 gold, have 269).
  3413 | D:5      | 3413 ||| READING scroll labelled WUESMA QEMYGUI.
  3442 | D:6      | 3442 ||| STAIRDANCE
  3496 | D:6      | 3496 ||| STAIRDANCE
  3575 | D:6      | Reached skill level 8 in Ranged Weapons
  3584 | D:6      | HP: 12/61 [centaur/arrow (14)]
  3585 | D:6      | 3585 ||| READING scroll of teleportation.
  3588 | D:6      | Reached skill level 9 in Ranged Weapons
  3588 | D:6      | Reached XP level 8. HP: 15/69 MP: 8/8
  3589 | D:6      | 3589 ||| FLEEEEING.
  3591 | D:6      | HP: 14/69 [black bear (2)]
  3593 | D:6      | Reached skill level 6 in Fighting
  3602 | D:6      | 3602 ||| FLEEEEING.
  3603 | D:6      | 3603 ||| FLEEEEING.
  3604 | D:6      | 3604 ||| FLEEEEING.
  3606 | D:6      | 3606 ||| STAIRDANCE
  3861 | D:6      | 3861 ||| SWAPPING to +0 orcbow.
  3862 | D:6      | 3862 ||| DROPPING +5 sling "Afurrias" {drain, Will++
                  | Int+2}.
  4005 | D:6      | Reached skill level 3 in Dodging
  4409 | D:6      | 4409 ||| UPGRADING to ring of resist corrosion.
  4410 | D:6      | 4410 ||| READING scroll labelled NEGAGI HOPPIRR.
  4411 | D:6      | 4411 ||| DRINKING 2 sapphire potions.
  4412 | D:6      | 4412 ||| READING 2 scrolls of identify.
  4412 | D:6      | 4412 ||| IDENTIFYING dark potion
  4413 | D:6      | 4413 ||| DROPPING potion of ambrosia.
  4445 | D:7      | 4445 ||| STAIRDANCE
  4522 | D:7      | Reached skill level 10 in Ranged Weapons
  4554 | D:7      | Reached skill level 3 in Armour
  4638 | D:7      | 4638 ||| FLEEEEING.
  4639 | D:7      | 4639 ||| FLEEEEING.
  4662 | D:7      | 4662 ||| FLEEEEING.
  4663 | D:7      | 4663 ||| STAIRDANCE
  4706 | D:6      | 4706 ||| READING 2 scrolls of identify.
  4706 | D:6      | 4706 ||| IDENTIFYING emerald potion
  4759 | D:7      | Found a staircase to the Ecumenical Temple.
  4760 | D:7      | 4760 ||| PLANNING TEMPLE
  4768 | Temple   | Entered the Ecumenical Temple
  4769 | Temple   | 4769 ||| PLANNING OKAWARU WORSHIP
  4886 | Temple   | Became a worshipper of Warmaster Okawaru
  4887 | Temple   | 4887 ||| PLANNING D:1-11
  4914 | D:7      | Reached XP level 9. HP: 79/79 MP: 9/9
  5003 | D:7      | 5003 ||| Stepping ~*~*~tactically~*~*~ (outnumbered).
  5113 | D:7      | Reached skill level 11 in Ranged Weapons
  5584 | D:7      | 5584 ||| READING 2 scrolls of identify.
  5584 | D:7      | 5584 ||| IDENTIFYING metallic amethyst potion
  5585 | D:7      | 5585 ||| DROPPING potion of lignification.
  5924 | D:8      | Found a radiant altar of Vehumet.
  5944 | D:8      | Reached skill level 12 in Ranged Weapons
  5944 | D:8      | Reached * piety under Okawaru
  6010 | D:8      | Reached skill level 1 in Invocations
  6034 | D:8      | 6034 ||| INVOKING Heroism.
  6162 | D:8      | Found an opulent altar of Gozag.
  6316 | D:8      | Reached skill level 3 in Invocations
  6540 | D:8      | Reached ** piety under Okawaru
  6541 | D:8      | 6541 ||| FLEEEEING.
  6542 | D:8      | 6542 ||| FLEEEEING.
  6543 | D:8      | 6543 ||| FLEEEEING.
  6544 | D:8      | 6544 ||| FLEEEEING.
  6545 | D:8      | 6545 ||| FLEEEEING.
  6546 | D:8      | 6546 ||| FLEEEEING.
  6547 | D:8      | 6547 ||| FLEEEEING.
  6548 | D:8      | 6548 ||| FLEEEEING.
  6549 | D:8      | 6549 ||| FLEEEEING.
  6550 | D:8      | 6550 ||| FLEEEEING.
  6551 | D:8      | 6551 ||| FLEEEEING.
  6552 | D:8      | 6552 ||| FLEEEEING.
  6553 | D:8      | 6553 ||| FLEEEEING.
  6554 | D:8      | 6554 ||| FLEEEEING.
  6555 | D:8      | 6555 ||| FLEEEEING.
  6556 | D:8      | 6556 ||| FLEEEEING.
  6557 | D:8      | 6557 ||| FLEEEEING.
  6558 | D:8      | 6558 ||| FLEEEEING.
  6562 | D:8      | 6562 ||| INVOKING Heroism.
  6564 | D:8      | Reached XP level 10. HP: 29/88 MP: 8/12
  6926 | D:8      | Found Muloifaj's Weapon Boutique.
  6946 | D:8      | 6946 ||| READING scroll labelled NODEATHR CUPAOT.
  6947 | D:8      | 6947 ||| READING 2 scrolls of identify.
  6947 | D:8      | 6947 ||| IDENTIFYING fizzy black potion
  7004 | D:9      | Noticed Erolcha
  7005 | D:9      | 7005 ||| INVOKING Heroism.
  7011 | D:9      | Noticed a two-headed ogre
  7018 | D:9      | HP: 22/88 [two-headed ogre/+0 giant club (7)]
  7018 | D:9      | HP: 6/88 [two-headed ogre/+0 giant club (16)]
  7019 | D:9      | 7019 ||| READING scroll of teleportation.
  7019 | Abyss:2  | Cast into level 2 of the Abyss (Erolcha)
  7083 | Abyss:2  | Noticed a tentacled starspawn
  7084 | Abyss:2  | 7084 ||| INVOKING Heroism.
  7097 | Abyss:2  | Killed a tentacled starspawn
  7098 | Abyss:2  | Reached skill level 13 in Ranged Weapons
  7155 | Abyss:2  | 7155 ||| INVOKING Heroism.
  7162 | Abyss:2  | HP: 20/88 [large abomination (13)]
  7178 | Abyss:2  | 7178 ||| INVOKING Heroism.
  7180 | Abyss:2  | Reached skill level 9 in Fighting
  7187 | Abyss:2  | Noticed an angel
  7189 | Abyss:2  | 7189 ||| INVOKING Heroism.
  7191 | Abyss:2  | HP: 21/91 [angel/+2 whip of holy wrath (4)]
  7193 | Abyss:2  | Demolished by an angel

Levels and vault maps discovered:
D:1:      dpeg_arrival_morbid_curiosity, layout_basic, minmay_tetromino_o2
D:2:      layout_loops_ring
D:3:      layout_loops_ring, mainiacjoe_overflow_alcove_4,
          gammafunk_temple_overflow_elements, overflow_temple_1_default,
          uniq_terence
D:4:      layout_gridville, mainiacjoe_overflow_paths, serial_shops,
          nicolae_shop_mannequins, grunt_decor_mini_mirrors, uniq_grinder
D:5:      layout_rooms, xom_teletrap_fun, grunt_dithmenos_smoke, serial_shops,
          shop, kennysheep_nondescript
D:6:      layout_basic
D:7:      layout_basic, minmay_temple_entry_statues_fountains, serial_rivers,
          chequers_serial_rivers_room_a, chequers_serial_rivers_large_b,
          chequers_serial_rivers_micro_e, chequers_serial_rivers_small_b
D:8:      layout_gridville, mainiacjoe_overflow_boulevard,
          mainiacjoe_overflow_brackets, serial_shops, nicolae_shop_peninsula,
          serial_undead, serial_undead_d, serial_undead_d, serial_undead_f,
          serial_undead_c
D:9:      layout_rooms, dreamdust_divine_triumvirate, erik_lair_dragon,
          uniq_erolcha
Temple:   nicolae_temple_two_arcs
Abyss:2:  base: D:7, gammafunk_corrupted_shrine

Skill      XL: |  1  2  3  4  5  6  7  8  9 10 |
---------------+-------------------------------+-----
Ranged Weapons | 3 4 5 6 9 10 12 13 | 13.6
Fighting       | 2 3 5 7 8 9 |  9.1
Armour         | 1 2 3 4 |  4.1
Dodging        | 3 4 |  4.0
Invocations    | 4 |  4.0
Spellcasting   | |  1.0
Hexes          | |  2.0

Action                     |  1- 3 |  4- 6 |  7- 9 | 10-12 || total
---------------------------+-------+-------+-------+-------++-------
   Fire: Sling             |   132 |   139 |    67 |       ||   338
         Orcbow            |       |       |   175 |    58 ||   233
 Invoke: Heroism           |       |       |     2 |     5 ||     7
    Use: Scroll            |     6 |     4 |     6 |     3 ||    19
         Potion            |     2 |     1 |     1 |       ||     4
 Armour: Robe              |     6 |       |       |       ||     6
         Leather armour    |     3 |     6 |       |       ||     9
         Ring mail         |       |     5 |    58 |    11 ||    74
  Dodge: Dodged            |    33 |    21 |   147 |    27 ||   228

Table legend:
 A = Non-vault XP
 B = Vault XP
 C = Vault XP percentage of total XP
 D = Non-vault monster count
 E = Vault monster count
 F = Vault count percentage of total count
                 A         B        C        D         E       F
            +---------+---------+-------+---------+---------+-------
      Total |    7354 |     991 |  11.9 |     148 |      15 |   9.2
            +---------+---------+-------+---------+---------+-------
        D:1 |      32 |      12 |  27.3 |      18 |       7 |  28.0
        D:2 |      54 |       0 |   0.0 |      18 |       0 |   0.0
        D:3 |      89 |      36 |  28.8 |      21 |       1 |   4.5
        D:4 |     183 |     267 |  59.3 |       9 |       1 |  10.0
        D:5 |     402 |       0 |   0.0 |      20 |       0 |   0.0
        D:6 |     993 |       0 |   0.0 |      13 |       0 |   0.0
        D:7 |    1207 |       0 |   0.0 |      22 |       0 |   0.0
        D:8 |    1997 |     676 |  25.3 |      20 |       6 |  23.1
        D:9 |     248 |       0 |   0.0 |       4 |       0 |   0.0
    Abyss:2 |    2149 |       0 |   0.0 |       3 |       0 |   0.0
            +---------+---------+-------+---------+---------+-------
